[Event "Early-Titled-Tuesday-Blitz-April-23-2024"]
[Site "Chess.com"]
[Date "2024.04.23"]
[Round "6"]
[White "Daaksboy"]
[Black "whiteglovethief"]
[Result "1-0"]
[WhiteElo "2439"]
[BlackElo "2566"]
[TimeControl "180+1"]
[EndTime "9:08:47 PDT"]
[Termination "Daaksboy won by resignation"]

1. d4 Nf6 2. c4 c5 3. d5 b5 4. cxb5 a6 5. bxa6 g6 6. Nc3 Bg7 7. e4 O-O 8. a7 Rxa7 9. Nf3 Qa5 10. Bd2 Ba6 11. Nb5 Qb6 12. Nxa7 Qxa7 13. Bxa6 Nxa6 14.
Qe2 Rb8 15. Bc3 Nb4 16. O-O Nxa2 17. Bxf6 Bxf6 18. e5 Bg7 19. b3 Ra8 20. h3 d6 21.
Rfe1 Qa3 22. Qc2 dxe5 23. Nxe5 Qb4 24. Nd3 Qd4 25. Rxa2 Rxa2 26. Qxa2 Qxd3 27. Qa8+ Bf8 28. Rxe7 Kg7 29. Re8 Qd1+ 30. Kh2 Bd6+ 31. g3 Qxb3 32. Re3 Qc2 33. Kg2 c4 34. Qa1+ Kh6 35. Qf6 Bc5 36. Rf3 Qe4 37. Qf4+ Qxf4 38. Rxf4 Kg5 39.
Rxc4 Be7 40. Rf4 f5 41. Ra4 Kf6 42. Ra6+ Kf7 43. d6 Bf6 44. Ra7+ Ke6 45. Rxh7 Kxd6 46. Rh6 1-0

[Event "Early-Titled-Tuesday-Blitz-April-23-2024"]
[Site "Chess.com"]
[Date "2024.04.23"]
[Round "6"]
[White "Statham_01"]
[Black "ValentinDragnev"]
[Result "0-1"]
[WhiteElo "2570"]
[BlackElo "2742"]
[TimeControl "180+1"]
[EndTime "9:08:48 PDT"]
[Termination "ValentinDragnev won by checkmate"]

1. e4 d6 2. d4 Nf6 3. Nc3 e5 4. Nf3 Nbd7 5. g4 Nxg4 6. Rg1 Ngf6 7. Bc4 h6 8. Be3 c6 9. Qe2 b5 10. Bb3 a5 11. dxe5 dxe5 12. O-O-O Qc7 13. a4 b4 14. Nb1 g6 15. Qc4 Rh7 16. Ba2 Ba6 17. Qb3 Nxe4 18.
Rxd7 Kxd7 19. Nbd2 Nxd2 20. Rd1 Rd8 21. Nxd2 Kc8 22.
Re1 Kb7 23. Ne4 f5 24. Nf6 Re7 25. c3 Qd6 26. Bb1 Qxf6 27. cxb4 Ka8 28. b5 Rb7 29. Bc2 cxb5 30. Qc3 Qd6 31. Qxa5 Rc8 32. Kb1 b4 33. Rd1 Qc6 34. Bb3 e4 35. Bd5 Qc2+ 36. Ka2 b3+ 37. Bxb3 Qxb3+ 38. Ka1 Qxb2# 0-1

[Event "Early-Titled-Tuesday-Blitz-April-23-2024"]
[Site "Chess.com"]
[Date "2024.04.23"]
[Round "6"]
[White "toninhojit"]
[Black "BallottiLuca"]
[Result "1-0"]
[WhiteElo "2552"]
[BlackElo "2383"]
[TimeControl "180+1"]
[EndTime "9:08:48 PDT"]
[Termination "toninhojit won on time"]

1. d4 d5 2. c4 c6 3. Nf3 Nf6 4. e3 Bf5 5. Nc3 e6 6. Nh4 Bg6 7. Qb3 Qc7 8. Bd2 Ne4 9. Nxe4 Bxe4 10. f3 dxc4 11. Bxc4 Bd5 12. e4 Bxc4 13. Qxc4 Be7 14. g3 Nd7 15. Ng2 O-O 16. O-O Nb6 17. Qc2 Rfd8 18.
Be3 e5 19. dxe5 Qxe5 20. f4 Qb5 21. b3 Qd3 22. Qxd3 Rxd3 23. Kf2 Rad8 24. Ke2 f5 25. exf5 Bf6 26. Rad1 Rxd1 27. Rxd1 Nd5 28. Bd2 Ne7 29. g4 h5 30. h3 Kf7 31. Be3 Nd5 32. Bd2 Re8+ 33.
Kf3 Rd8 34. g5 Bb2 35. Ne3 Nxe3 36. Kxe3 Bc3 37. Ke2 Bxd2 38. Rxd2 Re8+ 39. Kf3 Re7 40. Rd6 c5 41. f6 gxf6 42. Rxf6+ Kg7 43. Rd6 b6 44. f5 Re1 45. Rd7+ Kf8 46. Rxa7 Rf1+ 47. Ke4 Rg1 48. g6 h4 49. Ke5 Rd1 50. Ke6 1-0

[Event "Early-Titled-Tuesday-Blitz-April-23-2024"]
[Site "Chess.com"]
[Date "2024.04.23"]
[Round "6"]
[White "Kimkibo"]
[Black "Moultino06"]
[Result "0-1"]
[WhiteElo "2434"]
[BlackElo "2760"]
[TimeControl "180+1"]
[EndTime "9:08:51 PDT"]
[Termination "Moultino06 won on time"]

1. d4 d5 2. Nf3 c5 3. c3 Nc6 4. Bf4 Nf6 5. e3 Nh5 6. Bg5 h6 7. Bh4 Qb6 8. b3 g5 9. Nfd2 Ng7 10.
Bg3 Nf5 11. Bd3 Bg7 12. Qf3 Nxg3 13. hxg3 cxd4 14. exd4 e5 15. Qxd5 Be6 16. Qf3 exd4 17. c4 Ne5 18. Qe2 O-O-O 19. O-O Rhe8 20. c5 Qxc5 21.
Ne4 Qe7 22. Nbd2 f5 23. Rac1+ Kb8 24. Nc5 Bc8 25. Bb5 d3 26. Qh5 Rf8 27. Rfe1 Qd6 28. b4 f4 29. gxf4 Rxf4 30. Nc4 Nxc4 31. Rxc4 d2 32. Rd1 Bg4 33. Qxg4 Rxg4 34. Rxg4 Bc3 35. Ne4 Qe6 36. f3 Bxb4 37. Rg3 Bc5+ 38. Kh2 Be3 39. Rh3 g4 40. Rh5 gxf3 41. gxf3 Bf4+ 42. Kg2 Qg6+ 43. Rg5 hxg5 0-1

[Event "Early-Titled-Tuesday-Blitz-April-23-2024"]
[Site "Chess.com"]
[Date "2024.04.23"]
[Round "6"]
[White "Viktoker"]
[Black "Let_it_be_1"]
[Result "0-1"]
[WhiteElo "2363"]
[BlackElo "2626"]
[TimeControl "180+1"]
[EndTime "9:08:51 PDT"]
[Termination "Let_it_be_1 won on time"]

1. d4 d5 2. c4 e6 3. Nf3 Nf6 4. g3 Be7 5. Bg2 O-O 6. O-O dxc4 7. Na3 c5 8. Nxc4 Nc6 9. dxc5 Bxc5 10. b3 Qe7 11.
Bb2 Bd7 12. Nfe5 Rad8 13. Rc1 Nxe5 14. Nxe5 Bb5 15. Qc2 Rc8 16. Nc4 Bxc4 17. bxc4 b6 18. Rfd1 Rfd8 19. e3 Ba3 20. Bxa3 Qxa3 21. Bb7 Rb8 22. Bf3 Qc5 23. Kg2 g6 24. h4 h5 25.
Qb2 Nd7 26. Qd4 Qc7 27. g4 Ne5 28. Qf4 hxg4 29. Bxg4 Qc5 30. Be2 Rbc8 31. h5 Rxd1 32. Rxd1 gxh5 33. Bxh5 Nxc4 34. Qg3+ Kf8 35. Bf3 Qe5 36. Qh3 Qg7+ 37. Kf1 Ne5 38. Be4 Ke7 39. Qh4+ Qf6 40. Qh2 Rd8 41. Rc1 Rd7 0-1

[Event "Early-Titled-Tuesday-Blitz-April-23-2024"]
[Site "Chess.com"]
[Date "2024.04.23"]
[Round "6"]
[White "duone"]
[Black "biveklama"]
[Result "0-1"]
[WhiteElo "2439"]
[BlackElo "2611"]
[TimeControl "180+1"]
[EndTime "9:08:52 PDT"]
[Termination "biveklama won by checkmate"]

1. e4 c5 2. Nf3 d6 3. d4 cxd4 4. Nxd4 Nf6 5. Nc3 e5 6. Ndb5 a6 7. Na3 b5 8. Nd5 Nbd7 9. Bg5 Bb7 10. c4 Bxd5 11. cxd5 Be7 12. Bxf6 Nxf6 13. Bd3 Qa5+ 14. Qd2 Bd8 15. Nc2 Qxd2+ 16. Kxd2 Bb6 17. f3 Nd7 18.
Ne3 Bxe3+ 19. Kxe3 Nc5 20. Rac1 Kd7 21. b4 Nxd3 22.
Kxd3 a5 23. a3 axb4 24. axb4 Ra4 25. Rc6 Rc8 26. Rxc8 Kxc8 27. Rc1+ Kd7 28. Kc3 Ra3+ 29. Kb2 Rd3 30. Rc6 Rd2+ 31. Rc2 Rd4 32. Kb3 f5 33. Re2 g5 34. g4 f4 35. Rf2 Rd3+ 36. Kc2 Re3 37. Kb2 h6 38. Kc2 Kc7 39. Kb2 Kb7 40. Kc2 Kc8 41. Kb2 Kd8 42. Kc2 Ke8 43. Kb2 Ke7 44.
Kc2 Kf6 45. Kb2 Kg6 46. Kc2 h5 47. gxh5+ Kxh5 48. Kb2 Kh4 49. Kc2 Kh3 50. Kb2 g4 51. fxg4 Kxg4 52. Rg2+ Kf3 53. Rg8 Kxe4 54. h4 Kxd5 55.
h5 Rh3 56. Rh8 f3 57. h6 f2 58. Rf8 Rxh6 59. Rxf2 Rh4 60. Rd2+ Rd4 61. Re2 Rxb4+ 62. Kc3 Rc4+ 63. Kb3 Rd4 64. Rc2 e4 65. Rh2 e3 66.
Rh5+ Ke4 67. Rh4+ Kd3 68. Rh3 Kd2 69. Rh2+ e2 70. Rg2 Re4 71. Rh2 Kd1 72. Rh6 Rd4 73. Rxd6 Rxd6 74. Kb2 e1=R 75. Ka1 Rd2 76. Kb1 b4 77.
Ka1 b3 78. Kb1 Ke2# 0-1

[Event "Early-Titled-Tuesday-Blitz-April-23-2024"]
[Site "Chess.com"]
[Date "2024.04.23"]
[Round "6"]
[White "inagreV"]
[Black "tusplingher"]
[Result "1-0"]
[WhiteElo "2407"]
[BlackElo "2642"]
[TimeControl "180+1"]
[EndTime "9:08:53 PDT"]
[Termination "inagreV won by checkmate"]

1. e4 c5 2. Nf3 d6 3. d4 Nf6 4. Nc3 cxd4 5. Nxd4 a6 6. a4 e5 7. Nf3 Be7 8. Bg5 Be6 9. Bxf6 Bxf6 10. Nd5 Nc6 11. c3 Bxd5 12. Qxd5 Ne7 13. Qb3 O-O 14. Rd1 Qc7 15. Be2 Ng6 16. g3 Rfd8 17. O-O Nf8 18. Kg2 Ne6 19. Bc4 Nc5 20. Qc2 Rac8 21. Bd5 b5 22. axb5 axb5 23. h4 Nd7 24. Qb3 Nb6 25.
Qxb5 Rb8 26. Qe2 Na4 27. Rd2 Rb6 28. Ra1 Nc5 29. b4 Nd7 30. Ra3 Nf8 31. b5 Qc5 32. Ra7 Rd7 33. Rxd7 Nxd7 34. c4 g6 35. Ne1 Kg7 36.
Ra2 Qc7 37. Ra8 Rb8 38. Qa2 Nb6 39. Ra7 Bd8 40. Rxc7 Bxc7 41. Qa7 Rc8 42. Nd3 Kf6 43. Qb7 Ke7 44. f4 f6 45. fxe5 fxe5 46. Nb4 Kd8 47. Bc6 Rb8 48. Qa7 Nc8 49. Qa2 Nb6 50. Qf2 Nc8 51.
Qf8# 1-0

[Event "Early-Titled-Tuesday-Blitz-April-23-2024"]
[Site "Chess.com"]
[Date "2024.04.23"]
[Round "6"]
[White "DanyKopy"]
[Black "CarlosjPineror"]
[Result "1-0"]
[WhiteElo "2567"]
[BlackElo "2756"]
[TimeControl "180+1"]
[EndTime "9:08:54 PDT"]
[Termination "DanyKopy won by resignation"]

1. Nf3 Nf6 2. c4 g6 3. b3 Bg7 4. Bb2 O-O 5. g3 b6 6. Bg2 Bb7 7. O-O c5 8. Nc3 d6 9. d4 cxd4 10. Nxd4 Bxg2 11. Kxg2 Nbd7 12. Nc6 Qe8 13. Qd2 Nc5 14.
Nd4 Qc8 15. e3 Qb7+ 16. Kg1 Rac8 17. Rac1 a6 18. Qe2 e5 19. Nc2 h5 20. Nb4 a5 21.
Nbd5 Nxd5 22. Nxd5 b5 23. Rfd1 b4 24. Qf3 f5 25. Rb1 Ra8 26. Qe2 Ra7 27. a4 Nxb3 28. Bxe5 dxe5 29. Rxb3 e4 30. c5 Rc8 31. Qc4 Kh7 32.
Rbb1 Qa6 33. Qc2 Qe6 34. Rbc1 Ra6 35. Nf4 Qf7 36. h4 Rac6 37. Rd5 Bc3 38. Rcd1 R8c7 39. Qb3 Qe7 40. Rd6 Qe8 41. Nxg6 Bf6 42. Nf4 Be5 43. Ne6 Bxd6 44. cxd6 Rf7 45. Ng5+ Kg6 46. Nxf7 Qxf7 47. Qxf7+ Kxf7 48. d7 1-0

[Event "Early-Titled-Tuesday-Blitz-April-23-2024"]
[Site "Chess.com"]
[Date "2024.04.23"]
[Round "6"]
[White "DvaHrasta"]
[Black "Anu-triz"]
[Result "1-0"]
[WhiteElo "2422"]
[BlackElo "2134"]
[TimeControl "180+1"]
[EndTime "9:08:54 PDT"]
[Termination "DvaHrasta won on time"]

1. c4 c5 2. g3 Nc6 3. Bg2 g6 4. Nc3 Bg7 5. Nf3 Nf6 6. O-O O-O 7. d4 d5 8. dxc5 dxc4 9. Qa4 Qa5 10. Qxc4 Be6 11. Qb5 Nd7 12. Qxa5 Nxa5 13. Na4 Rac8 14. Be3 Nc4 15. Bd4 Bd5 16. Bxg7 Kxg7 17. Rac1 Bxf3 18. Bxf3 Nd2 19. Bxb7 Rc7 20. Rfd1 Rxb7 21. Rxd2 Rc7 22. b4 Rb8 23. a3 a5 24. Rcd1 Nf6 25. Nb6 axb4 26. axb4 Ne4 27. Rd7 Rxd7 28. Rxd7 Kf6 29. Rd4 Nc3 30. Nd7+ Ke6 31. Rd3 Nxe2+ 32. Kf1 Rxb4 33.
Kxe2 Rb2+ 34. Ke3 f5 35. h4 h6 36. f4 Rc2 37. Ne5 Rxc5 38. Nxg6 Kf6 39. Ne5 Rc1 40. Rd2 Rg1 41. Kf2 Ra1 42. Rc2 Ra3 43.
Rc6+ e6 44. Rc2 Rb3 45. Re2 Ra3 46. Nf3 Ra6 47. Kg2 Rb6 48. Ra2 Ra6 49. Rxa6 1-0

[Event "Early-Titled-Tuesday-Blitz-April-23-2024"]
[Site "Chess.com"]
[Date "2024.04.23"]
[Round "6"]
[White "ChessBliss09"]
[Black "aanshnerurkar"]
[Result "1-0"]
[WhiteElo "2229"]
[BlackElo "2344"]
[TimeControl "180+1"]
[EndTime "9:08:54 PDT"]
[Termination "ChessBliss09 won on time"]

1. c4 c5 2. Nc3 Nc6 3. Nf3 g6 4.
d4 cxd4 5. Nxd4 Bg7 6. Nxc6 bxc6 7.
g3 Nf6 8. Bg2 O-O 9. e4 d6 10. O-O Be6 11. Qe2 Nd7 12. Bd2 Rb8 13.
b3 Re8 14. Rac1 c5 15. Rfd1 Ne5 16. f4 Nc6 17. Nd5 Nd4 18. Qf2 a5 19. Bc3 Bd7 20. Qd2 Ra8 21. Ne3 e5 22. f5 Bh6 23.
Qd3 a4 24. b4 cxb4 25. Bxd4 exd4 26. Qxd4 gxf5 27. Rb1 b3 28. axb3 axb3 29. Nd5 Bg7 30. Qd3 fxe4 31. Bxe4 Bc6 32. Bxh7+ Kh8 33. Qf5 Bxd5 34.
Rxd5 Qb6+ 35. Kh1 Ra2 36. Qh5 Qf2 37. Be4+ Kg8 38. Qh7+ Kf8 39. Rg5 1-0

[Event "Early-Titled-Tuesday-Blitz-April-23-2024"]
[Site "Chess.com"]
[Date "2024.04.23"]
[Round "6"]
[White "maximnovik"]
[Black "The_Machine04"]
[Result "0-1"]
[WhiteElo "2573"]
[BlackElo "2756"]
[TimeControl "180+1"]
[EndTime "9:08:55 PDT"]
[Termination "The_Machine04 won by resignation"]

1. e4 d6 2. d4 Nf6 3. Bd3 e5 4. Nf3 Nbd7 5. c3 d5 6. dxe5 dxe4 7. exf6 exf3 8. fxg7 Bxg7 9. O-O O-O 10. Bc2 fxg2 11. Re1 Qh4 12. Re4 Qh3 13. Bg5 h6 14. Rh4 Qe6 15.
Qd3 Qg6 16. Qxg6 fxg6 17. Bxh6 Ne5 18. Bb3+ Nf7 19. Bxg7 Kxg7 20. Kxg2 Bd7 21. Nd2 Bc6+ 22. Kg1 Rad8 23. Rd4 Ng5 24. h4 Rxd4 25. cxd4 Nh3+ 26. Kh2 Rxf2+ 27. Kxh3 Rxd2 28. d5 Bxd5 29. Bxd5 Rxd5 30. Rc1 c6 31. Re1 Kf6 32. Rf1+ Rf5 33. Rd1 Rf2 34.
b3 Rxa2 35. Rd7 b6 36. Rd6+ Kf5 37. Rxc6 Ra3 38. Rc3 a5 39. Rf3+ Ke4 40. Kg4 b5 41. Rf4+ Kd5 42. b4 a4 43. Rf6 Ra1 44. Rxg6 Rg1+ 45.
Kf5 Rxg6 46. Kxg6 a3 47. h5 a2 48. h6 a1=Q 0-1

[Event "Early-Titled-Tuesday-Blitz-April-23-2024"]
[Site "Chess.com"]
[Date "2024.04.23"]
[Round "6"]
[White "alex1531"]
[Black "RasSanti"]
[Result "1-0"]
[WhiteElo "2513"]
[BlackElo "2326"]
[TimeControl "180+1"]
[EndTime "9:08:55 PDT"]
[Termination "alex1531 won on time"]

1. e4 c6 2. Nc3 d5 3. Nf3 Bg4 4.
h3 Bxf3 5. Qxf3 dxe4 6. Nxe4 Nf6 7. Bc4 e6 8. Nxf6+ Qxf6 9. Qxf6 gxf6 10. b3 Rg8 11. g4 Nd7 12. Bb2 Ne5 13. Be2 Be7 14. f4 Ng6 15. Rf1 Nh4 16. O-O-O f5 17. Rg1 O-O-O 18. Bd3 h6 19. gxf5 Nxf5 20. Bxf5 exf5 21.
Be5 Rg6 22. Rxg6 fxg6 23. Bg7 Rg8 24. Be5 g5 25. Rg1 g4 26. hxg4 fxg4 27. f5 h5 28. f6 Bf8 29. Bg3 Kd7 30. Re1 Rg6 31. Bh4 g3 32. Rg1 g2 33. Kd1 Bc5 34. d4 Bxd4 35.
f7 Bc5 36. Ke2 Ke6 37. Kf3 Kxf7 38. Rxg2 Rxg2 39. Kxg2 Ke6 40. Kf3 Kf5 41. Bg3 a6 42.
Bb8 Be7 43. c4 h4 44. a4 Bf6 45. Bh2 1-0

[Event "Early-Titled-Tuesday-Blitz-April-23-2024"]
[Site "Chess.com"]
[Date "2024.04.23"]
[Round "6"]
[White "ilqar_74"]
[Black "Herzog2012"]
[Result "1-0"]
[WhiteElo "2753"]
[BlackElo "2548"]
[TimeControl "180+1"]
[EndTime "9:08:59 PDT"]
[Termination "ilqar_74 won on time"]

1. e4 c5 2. Nf3 d6 3. d4 cxd4 4. Nxd4 Nf6 5. Nc3 Nc6 6. Be2 e5 7. Nf5 d5 8. Bg5 d4 9. Bxf6 gxf6 10. Nb1 Qb6 11. Nd2 Qxb2 12. Bc4 Bxf5 13. exf5 Bb4 14. O-O Qc3 15. Qh5 Qxd2 16. Qxf7+ Kd8 17. Qxb7 Rb8 18.
Qxc6 Qh6 19. Rab1 Qf8 20. a3 Qd6 21. Qa4 Bc5 22. Be6 Ke7 23. Ba2 Rxb1 24. Rxb1 Rb8 25.
Rf1 e4 26. Qc4 e3 27. g3 d3 28. cxd3 Rb2 29. fxe3 Qe5 30. Qf7+ Kd8 31. Qd5+ Qxd5 32. Bxd5 Bxe3+ 33. Kh1 Rd2 34. Bc4 Bc5 35. a4 Kc7 36. Re1 Bd4 37. Re6 Kd7 38. h4 Bf2 39. Bb5+ Kc7 40. Kg2 Be1+ 41. Kf3 Rf2+ 42. Kg4 Bc3 43. Rc6+ Kb7 44. Rxc3 1-0

[Event "Early-Titled-Tuesday-Blitz-April-23-2024"]
[Site "Chess.com"]
[Date "2024.04.23"]
[Round "6"]
[White "HanSchut"]
[Black "RantomOpening"]
[Result "0-1"]
[WhiteElo "2335"]
[BlackElo "2511"]
[TimeControl "180+1"]
[EndTime "9:08:59 PDT"]
[Termination "RantomOpening won on time"]

1. e4 g6 2. d4 Bg7 3. f4 d5 4. e5 c5 5. c3 Nc6 6. Be3 Nh6 7. Qd2 cxd4 8. cxd4 Qb6 9. Nf3 Ng4 10. Bg1 h5 11. Nc3 e6 12. Nb5 O-O 13. a4 a6 14. a5 Qd8 15.
Nd6 Nh6 16. Bd3 Nf5 17. Bxf5 exf5 18. Bf2 Be6 19. Nxb7 Qe7 20. Nc5 Rfb8 21. O-O Rb5 22. Rfb1 Bc8 23. b4 Rab8 24. Qa2 Nxb4 25. Rxb4 Rxb4 26.
Qxd5 Rb1+ 27. Rxb1 Rxb1+ 28. Be1 Qc7 29. Kf2 Qb8 30.
Qd8+ Bf8 31. Kg3 Be6 32. Nxe6 fxe6 33. Qf6 Qe8 34. Bf2 Bg7 35. Qg5 Rb8 36. d5 exd5 37.
Bb6 Kh7 38. Qh4 Bh6 39. Nd4 g5 40. fxg5 Qxe5+ 41. Kh3 Qe3+ 42. g3 Qxg5 43. Qxg5 Bxg5 44. Nxf5 Bd8 45. Bd4 Bxa5 46. Kg2 Rc8 47. Kf3 Bb4 48. Kf4 Bc3 49. Bxc3 Rxc3 50. Ne7 d4 51. Ke4 Re3+ 0-1

[Event "Early-Titled-Tuesday-Blitz-April-23-2024"]
[Site "Chess.com"]
[Date "2024.04.23"]
[Round "6"]
[White "ljuks68"]
[Black "martinmena"]
[Result "1-0"]
[WhiteElo "2378"]
[BlackElo "2203"]
[TimeControl "180+1"]
[EndTime "9:09:00 PDT"]
[Termination "ljuks68 won by checkmate"]

1. e4 c6 2. d4 d5 3. e5 Bf5 4. Nd2 e6 5. Nb3 Ne7 6. Nf3 Nd7 7. Be2 Qc7 8. O-O a6 9. a4 c5 10. dxc5 Nxc5 11. Nxc5 Qc6 12. Nd3 Rc8 13. c3 Qc7 14. Nd4 Bxd3 15. Bxd3 Qxe5 16. f4 Qd6 17. Kh1 g6 18.
Be3 Bg7 19. Qd2 O-O 20. a5 Rfd8 21. h3 f5 22. Nb3 Kf7 23. Bd4 Bh6 24. Rae1 Nc6 25.
Bb6 Re8 26. Nc5 Nb8 27. b4 Nd7 28. Nxd7 Qxd7 29. Bd4 Qc7 30. Be5 Qc6 31. Re3 b5 32. axb6 Qxb6 33. Ra1 Ra8 34. Rae1 a5 35. b5 a4 36. Bd4 Qb7 37. Qf2 a3 38. Qh4 Bg7 39. Qxh7 Kf8 40. Qxg6 Bxd4 41. cxd4 a2 42. Ra1 Qf7 43.
Qxf7+ Kxf7 44. Re2 Rec8 45. Rexa2 Rc1+ 46. Rxc1 Rxa2 47. b6 Rb2 48. Rb1 Rd2 49. b7 Rxd3 50. b8=Q Rxd4 51.
Qe5 Re4 52. Rb7+ Kg6 53. Rg7+ Kh5 54. Qf6 Re1+ 55. Kh2 Rh1+ 56. Kxh1 d4 57. Qg5# 1-0

[Event "Early-Titled-Tuesday-Blitz-April-23-2024"]
[Site "Chess.com"]
[Date "2024.04.23"]
[Round "6"]
[White "lluiss"]
[Black "MIss_MIaMI"]
[Result "0-1"]
[WhiteElo "2136"]
[BlackElo "2341"]
[TimeControl "180+1"]
[EndTime "9:09:00 PDT"]
[Termination "MIss_MIaMI won on time"]

1. Nf3 c5 2. c4 e6 3. Nc3 Nf6 4. d4 cxd4 5. Nxd4 a6 6. g3 Qc7 7.
Bg5 Be7 8. Rc1 O-O 9. b3 Nc6 10.
Bg2 h6 11. Bf4 Qa5 12. O-O e5 13. Nxc6 dxc6 14. Bd2 Qc7 15. Qc2 Rd8 16. Rfd1 Ba3 17. Rb1 a5 18. Be3 Bg4 19. Na4 Rxd1+ 20. Rxd1 Bh5 21.
Bb6 Qe7 22. Qd2 Bb4 23. Qe3 Nd7 24. Bc7 Rc8 25. Bb6 Nxb6 26. Nxb6 Rd8 27. Rxd8+ Qxd8 28.
h3 Bxe2 29. Qxe2 Qxb6 30. Be4 Bc5 31. Kg2 Bd4 32. g4 g6 33. Qf3 Kg7 34. a4 Qc5 35. h4 Qe7 36. h5 Qg5 37. hxg6 fxg6 38. Bd3 h5 39. Kh3 Qxg4+ 40. Qxg4 hxg4+ 41. Kxg4 Bxf2 42. Be4 Be3 43. Bd3 Kf6 44. Be4 Bf4 45.
Bd3 g5 46. Be4 Ke6 47. Bd3 Kd6 48. Kf5 Kc5 49. Ke6 g4 50. Be2 g3 0-1

[Event "Early-Titled-Tuesday-Blitz-April-23-2024"]
[Site "Chess.com"]
[Date "2024.04.23"]
[Round "6"]
[White "Tagir45"]
[Black "Zampronha1971"]
[Result "1-0"]
[WhiteElo "2661"]
[BlackElo "2443"]
[TimeControl "180+1"]
[EndTime "9:09:01 PDT"]
[Termination "Tagir45 won on time"]

1. d4 Nf6 2. c4 e6 3. Nf3 b6 4. g3 Bb7 5. Bg2 c5 6. d5 exd5 7. cxd5 Bxd5 8. O-O Be7 9. Nc3 Bb7 10. Bf4 O-O 11. Nb5 Na6 12. Nd6 Bc6 13. Qb3 Nc7 14. Rad1 Nfd5 15. Nf5 Nxf4 16. gxf4 d5 17.
Ne5 Bb7 18. Kh1 Bd6 19. Rg1 Bxe5 20. fxe5 g6 21. Qh3 Bc8 22. e4 Qg5 23. Qh6 Qxh6 24.
Nxh6+ Kg7 25. exd5 Kxh6 26. d6 Be6 27. Bxa8 Nxa8 28.
Rg3 Rd8 29. Ra3 Rd7 30. Kg1 Kg7 31. Re1 f6 32. f4 fxe5 33. fxe5 Kf7 34. Rf3+ Kg7 35.
Rf6 Bxa2 36. Kf2 b5 37. h4 Bc4 38. h5 Nb6 39. h6+ Kxh6 40. Kg3 Kg7 41. e6 Rxd6 42. e7 Bf7 43. Rxf7+ Kxf7 44. e8=Q+ Kg7 45. Qe7+ 1-0

[Event "Early-Titled-Tuesday-Blitz-April-23-2024"]
[Site "Chess.com"]
[Date "2024.04.23"]
[Round "6"]
[White "LuisFSiles"]
[Black "osielchesslover2011"]
[Result "1-0"]
[WhiteElo "2459"]
[BlackElo "2204"]
[TimeControl "180+1"]
[EndTime "9:09:01 PDT"]
[Termination "LuisFSiles won on time"]

1. e4 c5 2. Nf3 d6 3. Bb5+ Nd7 4. O-O Nf6 5. Re1 a6 6. Bf1 e6 7. c3 Be7 8. d4 Qc7 9. a4 b6 10. Bd3 Bb7 11. Nbd2 Rc8 12. Nf1 Qb8 13. Ng3 h5 14. h3 h4 15. Nf1 Qa8 16. Qe2 cxd4 17. cxd4 Nf8 18. Bg5 Ng6 19. N1d2 Nh5 20. Bxe7 Nhf4 21. Qe3 Kxe7 22. d5 e5 23. Bf1 Rc2 24. Nc4 Qc8 25.
Nxb6 Qc5 26. Qxc5 Rxc5 27. Rac1 Rb8 28. Rxc5 dxc5 29. a5 f6 30. Rc1 Kd6 31. Nc4+ Ke7 32. Ne3 Kd6 33. Nf5+ Kd7 34. Rxc5 Ne7 35. Nxe7 Kxe7 36.
b4 Bc8 37. b5 axb5 38. Rxb5 Ra8 39. Nxh4 Ba6 40. Nf5+ Kf8 41. Rc5 Bxf1 42. Kxf1 Nd3 43. Rb5 Rc8 44. Ke2 Nf4+ 45. Kf3 Rc3+ 46. Ne3 Rd3 47. a6 Rd4 48. a7 Ra4 49. Rb8+ 1-0

[Event "Early-Titled-Tuesday-Blitz-April-23-2024"]
[Site "Chess.com"]
[Date "2024.04.23"]
[Round "6"]
[White "Naruto75_3"]
[Black "ReadySkate"]
[Result "0-1"]
[WhiteElo "2391"]
[BlackElo "2658"]
[TimeControl "180+1"]
[EndTime "9:09:02 PDT"]
[Termination "ReadySkate won on time"]

1. d4 Nf6 2. c4 g6 3. Nc3 d5 4. cxd5 Nxd5 5. e4 Nxc3 6. bxc3 Bg7 7. Be3 O-O 8. Rc1 c5 9. Be2 cxd4 10. cxd4 Nc6 11. Nf3 Bg4 12. d5 Bxf3 13. Bxf3 Ne5 14. Be2 Rc8 15. O-O a6 16. Qb3 b5 17. f4 Nd7 18. Bg4 Rxc1 19. Rxc1 Nb6 20. h3 Nc4 21. Bf2 Qd6 22. Qf3 h5 23. e5 Qd8 24. Bxh5 gxh5 25. Rd1 Qa5 26. Qxh5 Qxa2 27. Bc5 Qc2 28. Bd4 b4 29. Qg4 b3 30. f5 f6 31. d6 Nxd6 32.
exd6 exd6 33. Re1 b2 34. Bxb2 Qxb2 35. Re7 Qc1+ 36. Kh2 Qh6 37. Qc4+ Kh8 38. Re4 Qd2 39. Rh4+ Bh6 40. Rd4 Qe3 41. Re4 Qf2 42. Rh4 Qd2 43. Rd4 Qc1 44. Qd3 Bf4+ 45. g3 Bg5 0-1

[Event "Early-Titled-Tuesday-Blitz-April-23-2024"]
[Site "Chess.com"]
[Date "2024.04.23"]
[Round "6"]
[White "Aygehovit1992"]
[Black "lupta_robin"]
[Result "0-1"]
[WhiteElo "2731"]
[BlackElo "2588"]
[TimeControl "180+1"]
[EndTime "9:09:03 PDT"]
[Termination "lupta_robin won on time"]

1. e4 Nc6 2. Nf3 f5 3. e5 d6 4.
Bb5 dxe5 5. Nxe5 Qd5 6. Qe2 Qxg2 7.
Rf1 Nf6 8. Nc3 e6 9. d4 Bb4 10.
Bd2 O-O 11. Nxc6 bxc6 12. Bd3 Nd5 13. O-O-O Nxc3 14. Bxc3 Bxc3 15. bxc3 Rb8 16. Rg1 Qxh2 17. Qe3 Qd6 18. Rg5 Rf7 19. Rh1 Bd7 20. Rgh5 g6 21.
Qg5 Qe7 22. Qg3 c5 23. dxc5 Qxc5 24. Kd2 e5 25. Qg5 Qxf2+ 26. Be2 Qf4+ 27. Qxf4 exf4 28. R5h4 Bc6 29. Rg1 Rd8+ 30. Kc1 Re7 31. Bd3 f3 32. Rc4 Bd5 33. Rd4 Red7 34. Rd1 Bf7 35. Rf4 Bxa2 36. Rxf3 Bf7 37. Rf4 Kg7 38. Ra4 c5 39.
c4 f4 40. Rf1 g5 41. Ra5 Rc7 42. Rg1 h6 43. Ra6 Rdd7 44. Rh1 h5 45. Rg1 g4 46. Bf5 Rd4 47. Bd3 Bxc4 48. Rg6+ Kf7 49.
Bf5 Rd5 50. Rg5 Kf6 51. Rxh5 Rxf5 52. Rh6+ Kg5 0-1

[Event "Early-Titled-Tuesday-Blitz-April-23-2024"]
[Site "Chess.com"]
[Date "2024.04.23"]
[Round "6"]
[White "LawrenceTrent"]
[Black "viviania"]
[Result "0-1"]
[WhiteElo "2711"]
[BlackElo "2906"]
[TimeControl "180+1"]
[EndTime "9:09:04 PDT"]
[Termination "viviania won by resignation"]

1. Nc3 Nf6 2. d4 d5 3. Bf4 c5 4. e3 cxd4 5. exd4 a6 6. Nf3 Bg4 7. h3 Bxf3 8. Qxf3 Nc6 9. O-O-O e6 10. g4 Bd6 11. Be3 Rc8 12. g5 Nd7 13. h4 Na5 14. h5 Rxc3 15. bxc3 Qc7 16. Kd2 Nb6 17. Bd3 Nac4+ 18.
Ke2 Na4 19. Kf1 Nxc3 20. Re1 Nxe3+ 21. Rxe3 Bf4 22. Re1 Bxg5 23. Bf5 O-O 24. Bd3 h6 25. Rg1 Rc8 26. Rg4 Qh2 27. Rg3 Qh4 28. Rg4 Qxh5 29. Kg2 f5 30. Bxf5 exf5 31. Qxf5 Rf8 32. Qe6+ Qf7 33.
f3 Nb5 34. a4 Nc7 35. Qxf7+ Rxf7 36. Kg3 Bf6 37. c3 Kf8 38. Rb1 b5 39. Kf2 Re7 40.
Rg2 bxa4 41. Ra1 Nb5 42. Rxa4 Nxc3 43. Rxa6 Bxd4+ 44. Kg3 Bf6 45. Rc2 d4 46. Rb2 Kf7 47. Rab6 Rd7 48. Rb7 Rxb7 49. Rxb7+ Ke6 50. Kf4 Kd5 51.
Rd7+ Kc4 52. Kf5 h5 53. Kg6 h4 54. f4 h3 55. f5 h2 56. Kf7 h1=Q 57. Ke6 Qe4+ 58.
Kf7 Qxf5 0-1

[Event "Early-Titled-Tuesday-Blitz-April-23-2024"]
[Site "Chess.com"]
[Date "2024.04.23"]
[Round "6"]
[White "guillembaches"]
[Black "bubeliang"]
[Result "0-1"]
[WhiteElo "2586"]
[BlackElo "2787"]
[TimeControl "180+1"]
[EndTime "9:09:05 PDT"]
[Termination "bubeliang won on time"]

1. e4 c6 2. c4 d5 3. exd5 cxd5 4. cxd5 Nf6 5. Nc3 Nxd5 6. Nf3 g6 7. Bc4 Nb6 8. Bb3 Bg7 9. d4 Nc6 10. Be3 O-O 11. h3 Na5 12. O-O Nxb3 13. Qxb3 Be6 14. Qd1 Nd5 15. Bg5 f6 16. Bd2 Qd7 17. Re1 Bf7 18. Ne4 b6 19. Rc1 Rac8 20. Qe2 Rfd8 21.
Nc3 Bf8 22. a3 Rc7 23. Nh2 Rdc8 24. Ng4 h5 25. Nh6+ Bxh6 26. Bxh6 Kh7 27. Bd2 Qf5 28. Nxd5 Qxd5 29. Qe3 Kg8 30. Rxc7 Rxc7 31. Rc1 Rxc1+ 32. Bxc1 Qb7 33. Bd2 Bd5 34. f3 e6 35. Bb4 Kg7 36.
h4 Qc6 37. Qf4 Qd7 38. Qd6 Qxd6 39. Bxd6 Kf7 40. Bb8 a6 41. Ba7 b5 42. Kf2 Ke7 43. Ke3 Bc4 44. Bc5+ Kd7 45. b4 Bb3 46. g3 Bc2 47. f4 Kc6 48. Be7 f5 49. Bd8 Kd5 50. Bc7 Kc4 51. Ba5 Be4 52. Bc7 Bd5 53. Ba5 Kb3 54. Bc7 Kxa3 55. Ba5 Kb3 56. Kd3 Be4+ 57. Kd2 Kc4 58. Ke3 Kc3 59. Bd8 Kxb4 60. Be7+ Kc4 61.
Kd2 a5 0-1